 Dungeon Crawl Stone Soup version 0.26-a0-695-g987792ac36 (webtiles) character file.

Game seed: 18082754620826310626

1253 jestyr24 the Chucker (level 8, -2/81 HPs)
             Began as an Ogre Hunter on Oct 26, 2020.
             Was an Initiate of Qazlal.
             Slain by a polar bear (12 damage)
             ... created by the rage of Trog
             ... on level 6 of the Dungeon.
             The game lasted 00:46:59 (7592 turns).

jestyr24 the Chucker (Ogre Hunter)                  Turns: 7592, Time: 00:47:02

Health: -2/81      AC:  4    Str: 19      XL:     8   Next: 51%
Magic:  9/9        EV: 10    Int: 11 (12) God:    Qazlal [......]
Gold:   310        SH:  0    Dex:  8 (9)  Spells: 6/9 levels left

rFire    . . .     SeeInvis .   s - +2 mace (holy)
rCold    . . .     Faith    .   (no shield)
rNeg     . . .     Spirit   .   b - +1 robe
rPois    .         Reflect  .   (helmet restricted)
rElec    .         Harm     .   (no cloak)
rCorr    .         Rampage  .   (gloves unavailable)
MR       .....                  (boots unavailable)
Stlth    +.........             (no amulet)
HPRegen  0.23/turn              (no ring)
MPRegen  0.11/turn              (no ring)

@: about to teleport, drained
A: large, unfitting armour, tough skin 1
a: Renounce Religion


You were on level 6 of the Dungeon.
You worshipped Qazlal.
Qazlal was noncommittal.
You visited 2 branches of the dungeon, and saw 7 of its levels.

You collected 310 gold pieces.

Inventory:

Hand Weapons
 r - a +0 mace
 s - a +2 mace of holy wrath (weapon)
Missiles
 c - 10 large rocks
 d - 2 throwing nets
 g - 14 javelins
 k - 8 boomerangs (quivered)
 n - 65 poisoned darts
Armour
 b - a +1 robe (worn)
 p - a +0 kite shield
Wands
 f - a wand of disintegration (6)
 v - a wand of flame (12)
Scrolls
 a - 5 scrolls of identify
 e - a scroll of fog
 j - 5 scrolls of remove curse
 l - 4 scrolls of amnesia
 m - 2 scrolls of enchant armour
 u - 3 scrolls of teleportation
Potions
 h - a potion of flight
 i - a potion of lignification
 o - a potion of brilliance
 q - a potion of haste {unknown}
 t - a potion of curing


   Skills:
 * Level 5.5(4.4) Fighting
 * Level 4.8(3.7) Maces & Flails
 * Level 6.8(5.6) Throwing
 + Level 3.5(2.4) Dodging
 - Level 0.6(0.0) Stealth
 * Level 2.0(0.9) Shields
 * Level 1.1(0.1) Spellcasting
 * Level 0.5(0.0) Conjurations
 * Level 0.8(0.0) Air Magic
 * Level 0.5(0.0) Poison Magic


You had 6 spell levels left.
You knew the following spells:

 Your Spells              Type           Power        Failure   Level
a - Mephitic Cloud        Conj/Pois/Air  #.......     71%         3

Your spell library contained the following spells:

 Spells                   Type           Power        Failure   Level
 Magic Dart               Conj           #...         34%         1
 Blink                    Tloc           N/A          47%         2
 Call Imp                 Summ           #.......     47%         2
 Slow                     Hex            #.......     47%         2
 Conjure Flame            Conj/Fire      #.......     71%         3


Dungeon Overview and Level Annotations

Branches:
Dungeon (6/15)             Temple (1/1) D:6

Altars:
Ashenzari
Dithmenos
Elyvilon
Gozag
Hepliaklqana
Makhleb
Qazlal
Ru
Sif Muna
Trog
Wu Jian
Xom
Yredelemnul

Annotations:
D:5 1 runed translucent door, somkeydreadnuts's ghost, novice GrFi


Innate Abilities, Weirdness & Mutations

You are too large for most types of armour.
You have tough skin. (AC +1)


Message History

You start resting.
Trog sends monsters to punish you. 2 polar bears and 3 black bears come into view.
You hit the black bear.
The black bear is lightly wounded.
You hit the black bear.
The black bear is lightly wounded.
The polar bear bites you!
The polar bear claws you but does no damage.
The polar bear claws you. The black bear closely misses you.
The black bear barely misses you. The black bear claws you!
The black bear rages.
As you read the scroll of teleportation, it crumbles to dust.
You feel strangely unstable. The polar bear bites you!!
The polar bear claws you. x2; The black bear bites you!
* * * LOW HITPOINT WARNING * * *
The black bear claws you.
* * * LOW HITPOINT WARNING * * *
The black bear closely misses you. The polar bear bites you!
You die...

...##............
..#.............
....z..........
............#
............#
.......z÷..##
#.....#..hh#
#.....#.##h#
#.....'.##@#
#.....####h# #.....
#h######### #### ##...
#.....#...#####... .##
#######.#.###...#...
#.........<...⌠....>
#.##...######...#...
###.##.......######...
#...###.##.######.####


You could see 2 polar bears and 3 black bears.

Vanquished Creatures
  The ghost of Pooter the Chiller, an amateur DsIE (D:4)
  A necrophage (D:5)
  A centaur (D:5)
  A bullfrog (D:6)
  A scorpion (D:6)
  4 wights (D:6)
  2 howler monkeys (D:4)
  2 hounds (D:6)
  A centaur skeleton (D:5)
  An orc priest (D:5)
  3 orc wizards
  A hound skeleton (D:4)
  2 worker ant zombies
  4 gnolls (D:5)
  12 adders
  2 shadow imps
  An ufetubus (D:5)
  An ooze (D:3)
  2 worms
  6 dart slugs
  5 leopard geckos
  15 orcs
  3 ball pythons
  10 bats
  6 giant cockroaches
  9 hobgoblins
  5 jackals (D:1)
  5 quokkas
  A ball python skeleton (D:5)
  7 frilled lizards
  11 goblins
  4 kobolds
  10 rats
140 creatures vanquished.

Vanquished Creatures (others)
  6 plants (D:6)
  2 withered plants (D:6)
8 creatures vanquished.

Grand Total: 148 creatures vanquished

Notes
Turn   | Place    | Note
-------+----------+-------------------------------------------
     0 | D:1      | jestyr24 the Ogre Hunter began the quest for the Orb.
     0 | D:1      | Reached XP level 1. HP: 22/22 MP: 1/1
   110 | D:1      | Reached XP level 2. HP: 11/29 MP: 2/2
   417 | D:1      | Reached XP level 3. HP: 34/37 MP: 3/3
  1537 | D:2      | Reached XP level 4. HP: 45/45 MP: 4/4
  1931 | D:2      | Reached skill level 5 in Throwing
  2382 | D:1      | Reached skill level 1 in Maces & Flails
  2390 | D:1      | Reached XP level 5. HP: 45/54 MP: 5/5
  3828 | D:3      | Found an ornate altar of the Wu Jian Council.
  3966 | D:4      | Reached XP level 6. HP: 34/62 MP: 6/6
  4301 | D:4      | Found a runed translucent door.
  4304 | D:4      | Noticed Pooter's ghost (amateur DsIE)
  4310 | D:4      | Killed Pooter's ghost
  4310 | D:4      | Reached skill level 6 in Throwing
  4310 | D:4      | Reached XP level 7. HP: 56/71 MP: 7/7
  4555 | D:4      | Reached skill level 1 in Shields
  4931 | D:5      | Entered Level 5 of the Dungeon
  5821 | D:5      | Found a runed translucent door.
  5821 | D:5      | Noticed somkeydreadnuts's ghost (novice GrFi)
  5831 | D:5      | Reached skill level 5 in Fighting
  5966 | D:5      | Reached XP level 8. HP: 26/80 MP: 8/8
  6214 | D:5      | Learned a level 3 spell: Mephitic Cloud
  6252 | D:5      | Found a bloodstained altar of Trog.
  6255 | D:5      | Became a worshipper of Trog the Wrathful
  6730 | D:5      | Found a stormy altar of Qazlal.
  6887 | D:6      | Found a staircase to the Ecumenical Temple.
  6918 | Temple   | Entered the Ecumenical Temple
  7076 | D:5      | Fell from the grace of Trog
  7076 | D:5      | Became a worshipper of Qazlal Stormbringer
  7398 | D:6      | Reached skill level 1 in Spellcasting
  7590 | D:6      | Noticed a polar bear
  7590 | D:6      | Noticed a polar bear
  7592 | D:6      | Slain by a polar bear

Illustrated notes

Levels and vault maps discovered:
D:1:      evilmike_arrival_crescent, layout_loops_cross, nrook_mini_backslash
D:2:      layout_basic, minmay_pentomino_pile
D:3:      layout_loops_ring, overflow_temple_1_default
D:4:      layout_loops_ring, ebering_ghost_reflecting_pool
D:5:      layout_loops_corners, kennysheep_mini_moat, kennysheep_mini,
          hellmonk_ghost_happy_afterlife, minmay_misc_feat_more_columns
D:6:      layout_basic, grunt_temple_overflow_growth_and_decay,
          minmay_temple_entry_antechambers, serial_shops, nicolae_shop_stone,
          minmay_misc_feat_secret_circle, roderic_roman_lattice
Temple:   jpeg_temple_alley_garden

Skill      XL: |  1  2  3  4  5  6  7  8 |
---------------+-------------------------+-----
Dodging        | 2 3 |  3.5
Fighting       | 3 4 5 |  5.5
Throwing       | 5 6 |  6.8
Maces & Flails | 1 2 4 |  4.8
Shields        | 1 2 |  2.0
Spellcasting   | 1 |  1.1
Stealth        | |  0.6
Conjurations   | |  0.5
Air Magic      | |  0.8
Poison Magic   | |  0.5

Action                   |  1- 3 |  4- 6 |  7- 9 || total
-------------------------+-------+-------+-------++-------
Melee: Short sword       |    44 |       |       ||    44
       Club              |    98 |       |       ||    98
       Dagger            |    20 |     1 |       ||    21
       Mace              |       |   156 |   155 ||   311
Throw: Dart              |    17 |    54 |    27 ||    98
       Large rock        |       |     8 |     1 ||     9
       Boomerang         |       |       |    24 ||    24
  Use: Potion            |       |     4 |     3 ||     7
       Scroll            |       |     2 |     9 ||    11
 Stab: Sleeping          |     1 |       |       ||     1
Armor: Robe              |    71 |    39 |    39 ||   149
Dodge: Dodged            |   120 |   112 |    84 ||   316

Table legend: (Time is in decaauts)
 A = Elapsed time spent in this place.
 B = Non-inter-level travel time spent in this place.
 C = Inter-level travel time spent in this place.
 D = Time resting spent in this place.
 E = Time spent auto-exploring this place.
 F = Levels seen in this place.
 G = Mean time per level.
                   A        B        C        D        E       F      G
               +--------+--------+--------+--------+--------+-----+--------+
         Total |   7695 |   7501 |    194 |   2943 |   1949 |   7 | 1099.3 |
       Dungeon |   7593 |   7399 |    194 |   2943 |   1909 |   6 | 1265.5 |
        Temple |    101 |    101 |      0 |      0 |     40 |   1 |  101.0 |
               +--------+--------+--------+--------+--------+-----+--------+

Top non-repeatable levels by time:
     D:5: 2055 daAuts
     D:1: 1492 daAuts
     D:2: 1286 daAuts
     D:3: 1238 daAuts
     D:4: 996 daAuts
     D:6: 524 daAuts
  Temple: 101 daAuts
